 Dungeon Crawl Stone Soup version 0.24.0-1-gfbc8707122 (webtiles) character file.

Game seed: 668914386397145710, levelgen mode: deterministic

707 Gobbopathe the Frost Mage (level 7, -2/46 HPs)
             Began as a Barachi Ice Elementalist on Oct 26, 2019.
             Was an Initiate of Cheibriados.
             Slain by an orc warrior
             ... wielding a +0 scimitar
              (20 damage)
             ... on level 5 of the Dungeon.
             The game lasted 00:17:57 (5013 turns).

Gobbopathe the Frost Mage (BaIE)                    Turns: 5013, Time: 00:17:57

Health: -2/46      AC:  4    Str: 12    XL:     7   Next: 67%
Magic:  8/14       EV: 12    Int: 19    God:    Cheibriados [......]
Gold:   233        SH:  0    Dex: 13    Spells: 4/16 levels left

rFire    . . .     SeeInvis .   a - +0 whip (freeze)
rCold    . . .     Gourm    .   (no shield)
rNeg     . . .     Faith    .   n - +0 leather armour
rPois    .         Spirit   .   r - +0 helmet
rElec    .         Reflect  .   (no cloak)
rCorr    .         Harm     .   (no gloves)
MR       .....                  (no boots)
Stlth    ++........             (no amulet)
HPRegen  0.15/turn              A - +2 ring of strength
MPRegen  0.14/turn              (no ring)

@: very slow
A: +LOS, swims, slowness 1, strong legs 1
a: Hop, Bend Time, Renounce Religion


You were on level 5 of the Dungeon.
You worshipped Cheibriados.
Cheibriados was noncommittal.
You were hungry.

You visited 2 branches of the dungeon, and saw 6 of its levels.

You collected 233 gold pieces.

Inventory:

Hand Weapons
 a - a +0 whip of freezing (weapon)
 b - a +0 hunting sling of flaming
 C - a +0 long sword
Missiles
 d - 2 boomerangs
 g - 18 sling bullets
 j - 13 poisoned darts (quivered)
 l - a throwing net
Armour
 k - a +0 robe
 n - a +0 leather armour (worn)
 r - a +0 helmet (worn)
Jewellery
 A - a +2 ring of strength (left hand)
Scrolls
 e - a scroll of immolation {unknown}
 f - 2 scrolls of noise {unknown}
 h - 3 scrolls of remove curse {unknown}
 p - 3 scrolls of fog {unknown}
 s - a scroll of enchant weapon {unknown}
 u - a scroll of amnesia {unknown}
 w - a scroll of fear {unknown}
 x - 2 scrolls of random uselessness {unknown}
 y - 3 scrolls of teleportation {unknown}
Potions
 i - a potion of brilliance
 m - a potion of might {unknown}
 o - 2 potions of flight {unknown}
 q - a potion of experience {unknown}
 t - 2 potions of haste
 v - a potion of magic
 z - a potion of lignification {unknown}
Comestibles
 c - 11 rations
 B - 2 chunks of flesh


   Skills:
 - Level 2.1 Dodging
 - Level 1.7 Stealth
 + Level 5.1 Spellcasting
 - Level 1.1 Conjurations
 * Level 8.8 Ice Magic


You had 4 spell levels left.
You knew the following spells:

 Your Spells              Type           Power        Failure   Level  Hunger
a - Freeze                Ice            ####         1%          1    None
b - Ozocubu's Armour      Chrm/Ice       ###.....     8%          3    ##.....
c - Throw Icicle          Conj/Ice       ###.....     21%         4    ####...
d - Summon Ice Beast      Ice/Summ       ###.....     26%         4    ####...

Your spell library contained the following spells:

 Spells                   Type           Power        Failure   Level  Hunger
 Throw Frost              Conj/Ice       ###...       3%          2    #......
 Sandblast                Erth           #.....       16%         1    None
 Passwall                 Tmut/Erth      #.......     24%         2    #......
 Stone Arrow              Conj/Erth      #.....       36%         3    ##.....
 Petrify                  Tmut/Erth      #.......     83%         4    ####...
 Lee's Rapid Deconstruct  Erth           #.........   99%         5    ######.


Dungeon Overview and Level Annotations

Branches:
Dungeon (5/15)             Temple (1/1) D:5

Altars:
Ashenzari
Cheibriados
Elyvilon
Kikubaaqudgha
Makhleb
Qazlal
Sif Muna
Uskayaw
Vehumet
Yredelemnul
The Shining One

Annotations:
D:5 Prince Ribbit


Innate Abilities, Weirdness & Mutations

Shadows flee at your approach. (+LOS)
You can swim through water.
You cover ground slowly.
You can hop short distances.


Message History

The iceblast engulfs your ice beast!
Your ice beast partially resists.
You hear a shout! x3
Dmg: -15%(-7hp) hp: 85%(39hp)
The orc warrior zaps a wand.
The mass of ice explodes!
The iceblast engulfs you! The iceblast engulfs your ice beast.
Your ice beast partially resists.
Huge Dmg: -17%(-8hp) hp: 68%(31hp) 2 orcs come into view.
The orc shouts!
The orc warrior completely misses you.
The orc throws a stone.
The stone closely misses you.
The orc warrior hits you with a +0 scimitar!
The orc throws a stone.
The stone hits you but does no damage.
The orc moves out of view.
You see here 2 stones.
Huge Dmg: -28%(-13hp) hp: 40%(18hp)
You closely miss the orc warrior.
The orc warrior hits you with a +0 scimitar!!
You die...

###### #.#
#....### #.#
#....# #.##
###....#
#..###......#
#...##.###..#
####.###รท# #..#
##.#...#..# ##..#
#.o..>..o.# #..#
########@Y#...#P##
#..#
#........###.####
#.#
#............P#
#####..#
#........#...##
#.......
#........#####
#.......
#........#
#.......
###........####
#...)...
#..............
........
##....###.#####..
..#####.


You could see an orc warrior, an orc and a friendly ice beast.

Vanquished Creatures
  An ogre (D:5)
  2 scorpions
  A crimson imp (D:5)
  A bullfrog zombie (D:5)
  2 hounds
  A bullfrog skeleton (D:5)
  An orc wizard (D:4)
  A worker ant (D:4)
  Natasha (thrice) (D:3)
  5 gnolls
  A howler monkey skeleton (D:5)
  6 adders
  An ooze (D:1)
  An adder skeleton (D:4)
  3 worms
  2 dart slugs
  2 leopard geckos
  5 orcs
  7 giant cockroaches
  A goblin (D:1)
  7 hobgoblins
  9 jackals
  A quokka (D:3)
  5 bats
  5 frilled lizards
  2 kobolds (D:2)
  A leopard gecko skeleton (D:5)
  7 rats
84 creatures vanquished.

Vanquished Creatures (collateral kills)
  A wyvern skeleton (D:5)
  A bullfrog zombie (D:5)
2 creatures vanquished.

Vanquished Creatures (others)
  A bush (D:5)
  7 plants (D:5)
8 creatures vanquished.

Grand Total: 94 creatures vanquished

Notes
Turn   | Place    | Note
-------+----------+-------------------------------------------
     0 | D:1      | Gobbopathe the Barachi Ice Elementalist began the quest for
                  | the Orb.
     0 | D:1      | Reached XP level 1. HP: 13/13 MP: 3/3
   144 | D:1      | Reached skill level 4 in Ice Magic
   155 | D:1      | Reached XP level 2. HP: 18/19 MP: 1/5
   459 | D:1      | Reached XP level 3. HP: 19/24 MP: 0/7
   848 | D:2      | Reached skill level 5 in Ice Magic
   993 | D:2      | Learned a level 3 spell: Ozocubu's Armour
  1197 | D:2      | Reached XP level 4. HP: 30/30 MP: 6/8
  1328 | D:2      | Found a white marble altar of Elyvilon.
  1328 | D:2      | Found a glowing golden altar of the Shining One.
  1328 | D:2      | Found a radiant altar of Vehumet.
  1329 | D:2      | Found a shimmering blue altar of Sif Muna.
  1330 | D:2      | Found a shattered altar of Ashenzari.
  1331 | D:2      | Found a basalt altar of Yredelemnul.
  1334 | D:2      | Found a hide-covered altar of Uskayaw.
  2096 | D:3      | Reached XP level 5. HP: 35/35 MP: 5/10
  2172 | D:3      | Found a burning altar of Makhleb.
  2173 | D:3      | Noticed Natasha
  2198 | D:3      | Killed Natasha
  2198 | D:3      | Reached skill level 6 in Ice Magic
  2329 | D:3      | Noticed Natasha
  2334 | D:3      | Killed Natasha
  2494 | D:3      | Noticed Natasha
  2502 | D:3      | Killed Natasha
  2590 | D:4      | Reached XP level 6. HP: 38/41 MP: 7/12
  2596 | D:4      | Learned a level 4 spell: Throw Icicle
  2601 | D:4      | Learned a level 4 spell: Summon Ice Beast
  2787 | D:4      | Reached skill level 7 in Ice Magic
  3662 | D:5      | Entered Level 5 of the Dungeon
  3777 | D:5      | Noticed an orc warrior
  3848 | D:5      | Reached XP level 7. HP: 37/46 MP: 9/13
  4494 | D:5      | Reached skill level 8 in Ice Magic
  4628 | D:5      | Reached skill level 5 in Spellcasting
  4656 | D:5      | Found a snail-covered altar of Cheibriados.
  4659 | D:5      | Found an ancient bone altar of Kikubaaqudgha.
  4703 | D:5      | Found a stormy altar of Qazlal.
  4758 | D:5      | Became a worshipper of Cheibriados the Contemplative
  4946 | D:5      | Found a staircase to the Ecumenical Temple.
  4952 | Temple   | Entered the Ecumenical Temple
  4958 | D:5      | Noticed Prince Ribbit
  5013 | D:5      | Slain by an orc warrior

Levels and vault maps discovered:
D:1:      lightli_arrival_statuegarden, layout_basic, minmay_lizard_pond
D:2:      cheibrodos_old_hovel, layout_rooms, minitemple, first_ration
D:3:      layout_basic, bloody_makhleb, uniq_natasha
D:4:      layout_layer_cave
D:5:      layout_basic, gammafunk_temple_overflow_forgotten,
          minmay_temple_entry_gardened_gates, uniq_pikel, uniq_prince_ribbit1
Temple:   kb_corrupted_temple

Skill      XL: |  1  2  3  4  5  6  7 |
---------------+----------------------+-----
Ice Magic      | 4 5 6 7 8 |  8.8
Spellcasting   | 3 4 5 |  5.1
Dodging        | |  2.1
Stealth        | |  1.7
Conjurations   | |  1.1

Action                   |  1- 3 |  4- 6 |  7- 9 || total
-------------------------+-------+-------+-------++-------
Melee: Club              |     9 |       |       ||     9
       Short sword       |     4 |       |       ||     4
       Spear             |     1 |    16 |       ||    17
       Whip              |       |    53 |    56 ||   109
 Fire: Hunting sling     |       |       |    15 ||    15
Throw: Dart              |       |     3 |    10 ||    13
 Cast: Freeze            |    39 |    70 |    12 ||   121
       Summon Ice Beast  |       |       |     7 ||     7
 Abil: Hop               |       |     3 |     1 ||     4
  Use: Scroll            |       |     4 |       ||     4
       Potion            |       |       |     1 ||     1
 Stab: Sleeping          |     3 |     2 |       ||     5
       Distracted        |       |     1 |     1 ||     2
  Eat: Chunk             |     1 |     9 |     5 ||    15
Armor: Robe              |     7 |       |       ||     7
       Leather armour    |       |    27 |    15 ||    42
Dodge: Dodged            |    23 |    50 |    36 ||   109
